 Dungeon Crawl Stone Soup version 0.25-a0-700-g7f8a7979f0 (webtiles) character file.

Game seed: 7413397352066673543, levelgen mode: deterministic

0 Esekla the Skirmisher (level 1, 23/23 HPs)
             Began as a Gnoll Abyssal Knight on Apr 2, 2020.
             Was an Initiate of Lugonu.
             Got out of the dungeon alive.
             The game lasted 00:01:59 (176 turns).

Esekla the Skirmisher (Gnoll Abyssal Knight)         Turns: 176, Time: 00:02:00

Health: 23/23      AC:  3    Str: 14    XL:     1   Next: 0%
Magic:  2/3        EV: 12    Int: 14    God:    Lugonu [......]
Gold:   30         SH:  0    Dex: 14    Spells: 0/0 levels left

rFire    . . .     SeeInvis .   d - +2 dagger (freeze)
rCold    . . .     Gourm    .   (no shield)
rNeg     . . .     Faith    .   b - +0 leather armour
rPois    .         Spirit   .   (no helmet)
rElec    .         Reflect  .   (no cloak)
rCorr    .         Harm     .   (no gloves)
MR       .....                  (no boots)
Stlth    +.........             (no amulet)
HPRegen  0.07/turn              (no ring)
MPRegen  0.08/turn              (no ring)

@: no status effects
A: distributed training, fangs 1, [blurry vision 2], [subdued magic 2], strong
nose
a: Renounce Religion


You escaped.
You worshipped Lugonu.
Lugonu was noncommittal.
You were not hungry.

You visited 1 branch of the dungeon, and saw 1 of its levels.
You visited the Abyss 1 time.

You collected 30 gold pieces.

Inventory:

Hand Weapons
 a - a +1 falchion
 d - a +2 dagger of freezing (weapon)
Armour
 b - a +0 leather armour (worn)
Scrolls
 e - a scroll of enchant armour {unknown}
Comestibles
 c - 2 rations


   Skills:
 + Level 6.4 Fighting
 + Level 0.0 Short Blades
 + Level 4.4 Long Blades
 + Level 0.0 Axes
 + Level 0.0 Maces & Flails
 + Level 0.0 Polearms
 + Level 0.0 Staves
 + Level 0.0 Slings
 + Level 0.0 Bows
 + Level 0.0 Crossbows
 + Level 0.0 Throwing
 + Level 4.4 Armour
 + Level 2.3 Dodging
 + Level 0.0 Stealth
 + Level 0.0 Shields
 + Level 0.0 Unarmed Combat
 + Level 0.0 Spellcasting
 + Level 0.0 Conjurations
 + Level 0.0 Hexes
 + Level 0.0 Charms
 + Level 0.0 Summonings
 + Level 0.0 Necromancy
 + Level 0.0 Translocations
 + Level 0.0 Transmutations
 + Level 0.0 Fire Magic
 + Level 0.0 Ice Magic
 + Level 0.0 Air Magic
 + Level 0.0 Earth Magic
 + Level 0.0 Poison Magic
 + Level 4.4 Invocations
 + Level 0.0 Evocations


You couldn't memorise any spells.
You didn't know any spells.
Your spell library was empty.

Dungeon Overview and Level Annotations

Branches:
Dungeon (1/15)

Altars:


Innate Abilities, Weirdness & Mutations

Your experience applies equally to all skills.
You have very sharp teeth.
Your uncanny sense of smell can sniff out nearby items.
[Scrolls take you longer to read.]
[Your spells are easier to cast, but less powerful.]


Message History

e - a scroll labeled DIDOGI DAURO
Found 18 gold pieces.
You now have 18 gold pieces.
Found 12 gold pieces.
You now have 30 gold pieces (gained 12).
A wretched star comes into view.
A tentacled starspawn comes into view.
The wretched star pulses with an eldritch light!
Your vision blurs. x2; Your connection to magic feels subdued.
Your connection to magic feels more subdued.
Tentacles burst from the starspawn's body! 2 starspawn tentacles come into view.
A profane servitor comes into view.
It is wielding a +2 demon whip of venom.
Found a hunting sling.
You pass through the gate.
You can no longer depart the Abyss at will.
There is a staircase leading out of the dungeon here.
There is a staircase leading out of the dungeon here.
Are you sure you want to leave the Dungeon?
This will make you lose the game!
You have escaped!

###
#####@#
.≈.#≈.≈#.#
≈≈≈..≈..P#
≈≈≈≈≈≈≈.≈#
≈≈≈≈≈≈≈≈≈#
≈P≈≈≈≈≈≈≈#
PP≈≈≈≈≈≈≈#
≈≈≈≈≈P≈≈≈#
##########


There were no monsters in sight!

Vanquished Creatures (others)
  2 starspawn tentacles (Abyss:1)
2 creatures vanquished.

Notes
Turn   | Place    | Note
-------+----------+-------------------------------------------
     0 | Abyss:1  | Esekla the Gnoll Abyssal Knight began the quest for the
                  | Orb.
     0 | Abyss:1  | Reached XP level 1. HP: 23/23 MP: 3/3
   159 | Abyss:1  | Noticed a wretched star
   165 | Abyss:1  | Noticed a tentacled starspawn
   169 | Abyss:1  | Noticed a profane servitor
   170 | D:1      | Escaped the Abyss
   176 | D:$      | Got out of the dungeon alive.

Levels and vault maps discovered:
D:1:      lightli_arrival_windingriver, layout_rooms, minmay_bisected

Action                   || total
-------------------------++-------
Invok: Depart the Abyss  ||     1

Table legend:
 A = Non-vault XP
 B = Vault XP
 C = Vault XP percentage of total XP
 D = Non-vault monster count
 E = Vault monster count
 F = Vault count percentage of total count
                 A         B        C        D         E       F
            +---------+---------+-------+---------+---------+-------
      Total |       0 |       0 |   N/A |       0 |       0 |  -nan
            +---------+---------+-------+---------+---------+-------
            +---------+---------+-------+---------+---------+-------
